 Dungeon Crawl Stone Soup version 0.23-a0-175-g97aacdb (console) character file.

2019 nht the Quickloader (level 9, -1/74 HPs)
             Began as a Minotaur Hunter on Sept 16, 2018.
             Was a Follower of Okawaru.
             Slain by a bullfrog zombie (4 damage)
             ... on level 7 of the Dungeon.
             The game lasted 00:10:33 (4893 turns).

nht the Quickloader (Minotaur Hunter)               Turns: 4893, Time: 00:10:34

Health: -1/74      AC: 15    Str: 20    XL:     9   Next: 3%
Magic:  8/9        EV:  6    Int:  8    God:    Okawaru [*.....]
Gold:   175        SH:  0    Dex: 11    Spells: 8/8 levels left

rFire    + . .     SeeInvis .   a - +6 arbalest (velocity)
rCold    + . .     Gourm    .   (shield currently unavailable)
rNeg     . . .     Faith    .   h - +0 plate armour
rPois    +         Spirit   .   (helmet restricted)
rElec    .         Reflect  .   g - scarf {rC+ rF+}
rCorr    .         Harm     .   (no gloves)
MR       .....                  (no boots)
Stlth    ..........             (no amulet)
HPRegen  0.22/turn              m - ring of poison resistance
MPRegen  0.11/turn              (no ring)

@: no status effects
A: retaliatory headbutt, horns 2, iridescent scales 1, molten scales 1, blink,
sense surroundings 1
a: Blink, Heroism, Renounce Religion


You were on level 7 of the Dungeon.
You worshipped Okawaru.
Okawaru was aware of your devotion.
You were not hungry.

You visited 2 branches of the dungeon, and saw 8 of its levels.

You collected 407 gold pieces.
You spent 232 gold pieces at shops.

Inventory:

Hand Weapons
 a - a +6 arbalest of velocity (weapon)
 b - a +0 flail of protection
 k - a +0 short sword of venom
 v - a +0 war axe
 x - a +0 quarterstaff
Missiles
 d - 11 bolts (quivered)
Armour
 g - a scarf of resistance (worn)
 h - a +0 plate armour (worn)
Jewellery
 m - a ring of poison resistance (left hand)
 r - an uncursed ring of positive energy {unknown}
 t - an uncursed amulet of magic regeneration
Scrolls
 p - a scroll of enchant armour
 w - 5 scrolls of remove curse
 y - a scroll of magic mapping
 z - 2 scrolls of identify
Potions
 c - a potion of flight
 e - a potion of curing
 i - a potion of lignification
 j - 2 potions of brilliance
 o - a potion of agility
 q - 2 potions of mutation
 s - a potion of might
 u - a potion of magic
Comestibles
 f - 7 rations
 l - 2 chunks of flesh


   Skills:
 + Level 5.1 Fighting
 * Level 11.9 Crossbows
 + Level 4.3 Armour
 - Level 2.1 Dodging
 - Level 0.7 Stealth
 + Level 1.3 Invocations


You had 8 spell levels left.
You didn't know any spells.
Your spell library was empty.

Dungeon Overview and Level Annotations

Branches:
Dungeon (7/15)             Temple (1/1) D:6

Altars:
Ashenzari
Cheibriados
Dithmenos
Elyvilon
Fedhas
Gozag
Hepliaklqana
Kikubaaqudgha
Makhleb
Nemelex Xobeh
Okawaru
Qazlal
Ru
Sif Muna
Trog
Uskayaw
Vehumet
Wu Jian
Xom
Yredelemnul
Zin
The Shining One

Shops:
D:4 (   D:6 *


Innate Abilities, Weirdness & Mutations

You reflexively headbutt those who attack you in melee.
You have a pair of horns on your head.
You are partially covered in iridescent scales. (AC +2)
You are partially covered in molten scales. (AC +2)
You can translocate small distances at will.
You passively map a small area around you.


Message History

Press: ? - help, Shift-Dir - straight line, f/p - orc priest
Aim: an orc priest, wielding a war axe and wearing an iron ring (black smoke)
You shoot a bolt. The bolt hits the orc priest!
The orc priest is almost dead.
The orc priest barely misses you.
Firing (i - inventory)
d - 13 bolts (quivered)
Press: ? - help, Shift-Dir - straight line, f/p - orc priest
Aim: an orc priest, wielding a war axe and wearing an iron ring (black smoke, You shoot a bolt.
The bolt hits the orc priest!
You kill the orc priest!
Okawaru accepts your kill. The bullfrog zombie barely misses you.
You furiously retaliate!
You headbutt the bullfrog zombie.
Firing (i - inventory)
d - 12 bolts (quivered)
Press: ? - help, Shift-Dir - straight line, f - bullfrog zombie
Aim: a bullfrog zombie (black smoke, lightly damaged)
You shoot a bolt.
The bolt completely misses the bullfrog zombie.
The bullfrog zombie hits you.
You die...

*
██████.█
█.█ █.█
█.█ █.█
█.█ █.█
█.█ █.█
█.█
█.██████
█.█
█....§.█
█.█
█████§§█
█.█


█@██ ..█ * * █Z█ * █.█ , , █F█ , █.█ ** █§§ █.█ * █Fr█ █.█ , .O.█ █.█ * , , *
██.█ * ..█ .█ █.██ * **.█ You could see a bullfrog and a bullfrog zombie.

Vanquished Creatures
  Grinder (D:6)
  An orc warrior (D:7)
  An ogre (D:6)
  3 centaurs
  4 bullfrogs (D:7)
  A scorpion (D:5)
  4 howler monkeys
  2 orc priests (D:7)
  A jelly (D:5)
  A centaur skeleton (D:7)
  5 hounds
  A bullfrog skeleton (D:7)
  An iguana (D:7)
  Jessica (D:2)
  Terence (D:3)
  Natasha (twice) (D:3)
  7 orc wizards
  5 worker ants
  A hound zombie (D:7)
  2 hound skeletons
  Robin (D:2)
  3 adders
  A shadow imp (D:5)
  An ooze (D:2)
  An adder zombie (D:6)
  2 adder skeletons
  3 worms
  A dart slug (D:1)
  6 leopard geckos
  14 orcs
  3 giant cockroaches
  10 hobgoblins
  2 jackals (D:6)
  9 quokkas
  6 bats
  3 frilled lizards
  10 goblins
  10 kobolds
  5 rats
136 creatures vanquished.

Notes
Turn   | Place    | Note
-------+----------+-------------------------------------------
     0 | D:1      | nht the Minotaur Hunter began the quest for the Orb.
     0 | D:1      | Reached XP level 1. HP: 18/18 MP: 0/0
   236 | D:1      | Reached XP level 2. HP: 25/25 MP: 1/1
   334 | D:1      | Reached skill level 5 in Crossbows
   837 | D:2      | Reached XP level 3. HP: 23/30 MP: 2/2
   838 | D:2      | Found an ancient bone altar of Kikubaaqudgha.
   857 | D:2      | Noticed Robin
   888 | D:2      | Killed Robin
   888 | D:2      | Reached skill level 6 in Crossbows
   896 | D:2      | HP: 1/30 [hobgoblin/club (5)]
   965 | D:2      | Noticed Jessica
   967 | D:2      | Killed Jessica
   967 | D:2      | Reached XP level 4. HP: 11/37 MP: 3/3
  1095 | D:2      | Found a blossoming altar of Fedhas.
  1173 | D:2      | You fall through a shaft for 2 floors!
  1177 | D:4      | Reached skill level 7 in Crossbows
  1177 | D:4      | Reached XP level 5. HP: 41/42 MP: 4/4
  1264 | D:4      | Reached skill level 8 in Crossbows
  1271 | D:4      | Reached XP level 6. HP: 38/50 MP: 5/5
  1293 | D:4      | Found Alose's Antique Weapon Shop.
  1337 | D:3      | Found a stormy altar of Qazlal.
  1337 | D:3      | Found a radiant altar of Vehumet.
  1524 | D:3      | Found a burning altar of Makhleb.
  1830 | D:3      | Found a faded altar of an unknown god.
  2359 | D:3      | Found a glowing golden altar of the Shining One.
  2442 | D:3      | Noticed Terence
  2462 | D:3      | Killed Terence
  2511 | D:3      | Noticed Natasha
  2515 | D:3      | Killed Natasha
  2548 | D:3      | Noticed Natasha
  2552 | D:3      | Killed Natasha
  2977 | D:5      | Entered Level 5 of the Dungeon
  3054 | D:5      | Reached skill level 9 in Crossbows
  3244 | D:5      | Reached XP level 7. HP: 12/56 MP: 6/6
  3252 | D:5      | Gained mutation: You are partially covered in iridescent
                  | scales. (AC +2) [potion of mutation]
  3252 | D:5      | Gained mutation: You passively map a small area around you.
                  | [potion of mutation]
  3252 | D:5      | Gained mutation: You are partially covered in molten
                  | scales. (AC +2) [potion of mutation]
  3252 | D:5      | Gained mutation: You can translocate small distances at
                  | will. [potion of mutation]
  3618 | D:6      | Noticed Grinder
  3627 | D:6      | Killed Grinder
  3627 | D:6      | Reached skill level 10 in Crossbows
  3731 | D:6      | Reached skill level 1 in Armour
  3731 | D:6      | Reached XP level 8. HP: 32/62 MP: 7/7
  3812 | D:6      | Found Nfyustum's Needful Niceties.
  3901 | D:6      | Found a staircase to the Ecumenical Temple.
  3907 | Temple   | Entered the Ecumenical Temple
  4163 | Temple   | Became a worshipper of Warmaster Okawaru
  4302 | D:6      | Found a deep blue altar of Sif Muna.
  4302 | D:6      | Found a shattered altar of Ashenzari.
  4346 | D:4      | Bought a glowing arbalest for 232 gold pieces
  4425 | D:7      | Reached skill level 11 in Crossbows
  4545 | D:7      | Found a glowing silver altar of Zin.
  4552 | D:7      | Reached * piety under Okawaru
  4864 | D:7      | Found a snail-covered altar of Cheibriados.
  4878 | D:7      | Reached skill level 5 in Fighting
  4878 | D:7      | Reached skill level 1 in Invocations
  4883 | D:7      | HP: 1/68 [orc priest/divine providence (10)]
  4888 | D:7      | HP: 1/68 [bullfrog (3)]
  4889 | D:7      | Reached XP level 9. HP: 1/74 MP: 8/8
  4893 | D:7      | Slain by a bullfrog zombie

Vault maps used:
D:1:      lightli_arrival_farm
D:2:      grunt_temple_overflow_growth_and_decay, first_ration,
          minmay_heptomino_d4, uniq_robin, uniq_jessica
D:3:      lemuel_doored_altar, lemuel_round_altar,
          nicolae_overflow_hidden_temple,
          chequers_ecumenical_altar_simple_redux, minmay_misc_feat_rugged,
          uniq_natasha, uniq_terence
D:4:      serial_shops, shop
D:6:      gammafunk_temple_overflow_elements, minmay_temple_entry_grid,
          nicolae_alphabet_shops, kennysheep_generic_room_8, uniq_grinder
D:7:      kennysheep_little_box, kennysheep_mini
Temple:   hc_temple_tempest_star

Skill      XL: |  1  2  3  4  5  6  7  8 |
---------------+-------------------------+-----
Crossbows      | 5 6 7 8 9 10 11 | 11.9
Armour         | 1 4 |  4.3
Fighting       | 5 |  5.1
Invocations    | 1 |  1.3
Dodging        | |  2.1
Stealth        | |  0.7

Action                   |  1- 3 |  4- 6 |  7- 9 || total
-------------------------+-------+-------+-------++-------
Melee: Mace              |    49 |    72 |       ||   121
       Headbutt          |    10 |     7 |    11 ||    28
       Flail             |       |       |    84 ||    84
 Fire: Hand crossbow     |    61 |    69 |    74 ||   204
       Arbalest          |       |       |    26 ||    26
  Use: Potion            |     4 |     1 |     7 ||    12
       Scroll            |       |     6 |     8 ||    14
 Stab: Sleeping          |     1 |     1 |       ||     2
  Eat: Chunk             |       |     6 |     7 ||    13
Armor: Leather armour    |    18 |    34 |    20 ||    72
       Skin              |       |       |     1 ||     1
       Plate armour      |       |       |    88 ||    88
Dodge: Dodged            |    49 |    66 |    85 ||   200

Table legend:
 A = Non-vault XP
 B = Vault XP
 C = Vault XP percentage of total XP
 D = Non-vault monster count
 E = Vault monster count
 F = Vault count percentage of total count
                 A         B        C        D         E       F
            +---------+---------+-------+---------+---------+-------
      Total |    2300 |     585 |  20.3 |     117 |      19 |  14.0
            +---------+---------+-------+---------+---------+-------
        D:1 |      29 |       0 |   0.0 |      16 |       0 |   0.0
        D:2 |      51 |      78 |  60.5 |      23 |      14 |  37.8
        D:3 |      61 |      71 |  53.8 |      13 |       2 |  13.3
        D:4 |     295 |       0 |   0.0 |      18 |       0 |   0.0
        D:5 |     360 |       0 |   0.0 |       8 |       0 |   0.0
        D:6 |     265 |     436 |  62.2 |      10 |       3 |  23.1
        D:7 |    1239 |       0 |   0.0 |      29 |       0 |   0.0
            +---------+---------+-------+---------+---------+-------
